 Dungeon Crawl Stone Soup version 0.22.0 (webtiles) character file.

7973 Blackhawk the Fighter (level 11, -5/101 HPs)
             Began as a Hill Orc Fighter on Oct 25, 2018.
             Was an Elder of Trog.
             Killed from afar by a gargoyle (15 damage)
             ... with a stone arrow
             ... on level 10 of the Dungeon.
             The game lasted 00:19:02 (9093 turns).

Blackhawk the Fighter (Hill Orc Fighter)            Turns: 9093, Time: 00:19:02

Health: -5/101     AC: 17    Str: 23    XL:     11   Next: 23%
Magic:  1/11       EV: 19    Int: 11    God:    Trog [****..]
Gold:   324        SH: 18    Dex: 10    Spells: 10/10 levels left

rFire    . . .     SeeInvis .   I - +1 flail (drain)
rCold    . . .     Gourm    .   r - +1 large shield
rNeg     + . .     Faith    .   z - +0 plate armour
rPois    +         Spirit   .   m - +0 hat {Int+3}
rElec    .         Reflect  .   e - +0 cloak
rCorr    .         Harm     .   (no gloves)
MR       .....                  q - +0 pair of boots
Stlth    ..........             J - amulet of the acrobat
HPRegen  0.26/turn              C - ring of positive energy
MPRegen  0.12/turn              h - ring of poison resistance

@: berserk cooldown, slowed, very slow
A: no striking features
a: Berserk, Trog's Hand, Brothers in Arms, Renounce Religion


You were on level 10 of the Dungeon.
You worshipped Trog.
Trog was greatly pleased with you.
You were very hungry.

You visited 1 branch of the dungeon, and saw 10 of its levels.

You collected 324 gold pieces.

Inventory:

Hand Weapons
 b - a cursed +3 mace
 I - a +1 flail of draining (weapon)
Missiles
 k - 374 stones (quivered)
Armour
 e - a +0 cloak (worn)
 m - a +0 hat of intelligence (worn)
 q - a +0 pair of boots (worn)
 r - a +1 large shield (worn)
 z - a +0 plate armour (worn)
Jewellery
 h - a ring of poison resistance (right hand)
 p - an uncursed ring of ice
 C - a ring of positive energy (left hand)
 H - a +4 ring of protection {unknown}
 J - an amulet of the acrobat (around neck)
Wands
 a - a wand of paralysis (11)
 y - a wand of enslavement (14)
 D - a wand of polymorph (16)
 K - a wand of flame (92)
 N - a wand of digging (13)
Scrolls
 l - 3 scrolls of identify
 u - 3 scrolls of fear
 w - a scroll of noise
 A - 4 scrolls of remove curse
 E - a scroll of teleportation
 F - a scroll of enchant weapon
Potions
 d - 2 potions of might
 g - 2 potions of haste {unknown}
 i - 2 potions of lignification {unknown}
 j - 2 potions of brilliance {unknown}
 n - a potion of degeneration {unknown}
 o - a potion of berserk rage
 s - a potion of cancellation {unknown}
 t - a potion of agility {unknown}
 v - a potion of resistance {unknown}
 x - 2 potions of heal wounds {unknown}
 B - a potion of ambrosia {unknown}
 G - a potion of curing {unknown}
Comestibles
 c - a chunk of flesh
 f - 19 rations


   Skills:
 + Level 10.8 Fighting
 + Level 9.6 Maces & Flails
 + Level 9.9 Armour
 + Level 10.0 Shields


You had 10 spell levels left.
You didn't know any spells.
Your spell library was empty.

Dungeon Overview and Level Annotations

Branches:
Dungeon (10/15)            Temple (0/1) D:5            Lair (0/6) D:9
    Orc: D:9-12

Altars:
Ashenzari
Makhleb
Nemelex Xobeh
Okawaru
Qazlal
Sif Muna
Trog
Vehumet
Xom
Yredelemnul
Zin
The Shining One

Shops:
D:5 :   D:8 *


Message History

You block the yak's attack.
You bludgeon the yak!!
You kill the yak!
Trog accepts your kill. You block the gargoyle's attack. The yak gores you!
* * * LOW HITPOINT WARNING * * *
The gargoyle hits you but does no damage.
You block the yak's attack. x2
You see here a yak corpse.
You enter the shallow water.
Moving in this stuff is going to be slow.
You block the yak's attack.
The gargoyle hurls a stone arrow at you.
The stone arrow misses you.
The stone arrow hits the plant.
The eye of draining gazes at you.
You feel your power leaking away. You block the yak's attack.
The gargoyle hurls a stone arrow at you.
The stone arrow hits you!
You die...

#.......## ≈♣ ..♣
.......... ≈≈≈
♣≈♣♣♣♣##.........
≈≈P♣♣♣♣≈≈P≈♣♣........#
≈≈≈≈≈P≈P≈P≈≈P≈≈P♣..♣≈...
...................≈≈♣##..
≈P≈≈≈≈≈≈PP≈≈≈≈≈≈≈G≈≈≈≈≈...
≈≈≈P≈≈≈≈≈≈≈≈P≈≈9†≈≈P≈♣ ..
≈≈≈≈P≈♣♣≈≈≈≈≈@≈Y≈≈≈≈P≈≈.
...♣♣♣PP##'♣♣♣♣≈≈≈.≈≈≈≈P≈≈≈
...#.......#♣♣♣♣≈≈.≈≈≈≈≈≈≈≈
...#.#.......≈♣♣≈≈.≈≈≈≈≈≈P♣
........#....♣♣♣P≈.≈≈≈≈≈≈≈♣
........#.#.♣♣ P≈≈.≈≈≈≈P♣♣♣
...)...##.#♣♣ ♣≈≈≈.P≈≈≈≈♣
........#.# ≈≈≈≈≈.≈P≈≈♣
....÷...#.#♣≈≈≈≈≈≈.P


You could see a yak, an eye of draining and a gargoyle.

Vanquished Creatures
  Fannar (D:10)
  A two-headed ogre (D:8)
  A hornet (D:8)
  Grinder (D:5)
  2 hippogriffs
  A wyvern (D:9)
  5 yaks
  A human (D:9)
  2 hogs (D:9)
  3 hungry ghosts
  A basilisk (D:9)
  Menkaure (D:4)
  2 orc warriors
  4 sky beasts
  2 ice beasts
  2 black bears
  6 ogres
  A phantom (D:5)
  4 centaurs
  A crocodile (D:9)
  4 bullfrogs
  A wyvern zombie (D:7)
  A scorpion (D:6)
  3 wights (D:8)
  An electric eel (D:10)
  3 crimson imps
  A quasit (D:6)
  7 orc priests
  Crazy Yiuf (D:7)
  3 bullfrog skeletons
  A gnoll shaman (D:9)
  7 hounds
  2 jellies
  7 orc wizards
  A centaur skeleton (D:5)
  3 iguanas
  8 worker ants
  2 killer bee zombies
  A hound skeleton (D:6)
  A worker ant zombie (D:8)
  8 gnolls
  7 adders
  2 shadow imps
  An ooze (D:3)
  An adder skeleton (D:5)
  4 worms
  2 dart slugs
  6 leopard geckos
  29 orcs
  10 bats
  7 giant cockroaches
  2 goblins
  9 hobgoblins
  6 jackals
  6 quokkas
  5 frilled lizards
  A jackal zombie (D:8)
  8 kobolds
  A leopard gecko skeleton (D:7)
  3 rats
218 creatures vanquished.

Vanquished Creatures (others)
  3 plants
3 creatures vanquished.

Grand Total: 221 creatures vanquished

Notes
Turn   | Place    | Note
-------+----------+-------------------------------------------
     0 | D:1      | Blackhawk the Hill Orc Fighter began the quest for the Orb.
     0 | D:1      | Reached XP level 1. HP: 19/19 MP: 1/1
   195 | D:1      | Reached XP level 2. HP: 26/27 MP: 2/2
   419 | D:1      | Reached XP level 3. HP: 17/33 MP: 3/3
  1062 | D:2      | Noticed an ice beast
  1075 | D:2      | Killed an ice beast
  1075 | D:2      | Reached XP level 4. HP: 20/41 MP: 4/4
  1075 | D:2      | Reached XP level 5. HP: 23/47 MP: 5/5
  1542 | D:2      | Found a shattered altar of Ashenzari.
  1546 | D:2      | Saw a vision of the Swamp and the Snake Pit.
  1546 | D:2      | Noticed a black mamba
  1546 | D:2      | Noticed a naga
  1546 | D:2      | Noticed a naga sharpshooter
  1546 | D:2      | Noticed a naga mage
  1546 | D:2      | Noticed a naga
  1546 | D:2      | Noticed a naga mage
  1546 | D:2      | Noticed a naga mage
  1546 | D:2      | Noticed a naga
  1546 | D:2      | Noticed a black mamba
  1546 | D:2      | Noticed an alligator
  1546 | D:2      | Noticed a shock serpent
  1547 | D:2      | Noticed a naga
  1548 | D:2      | Noticed a water moccasin
  1878 | D:3      | Found a bloodstained altar of Trog.
  1888 | D:3      | Became a worshipper of Trog the Wrathful
  2623 | D:3      | Reached skill level 5 in Fighting
  2623 | D:3      | Reached XP level 6. HP: 55/56 MP: 6/6
  2720 | D:4      | Found a sand-covered staircase.
  2766 | D:4      | Found a stormy altar of Qazlal.
  2843 | D:4      | Noticed Menkaure
  2849 | D:4      | Killed Menkaure
  2849 | D:4      | Reached skill level 5 in Armour
  2849 | D:4      | Reached skill level 5 in Shields
  2849 | D:4      | Reached XP level 7. HP: 22/61 MP: 7/7
  3256 | D:4      | Reached * piety under Trog
  3480 | D:4      | Found the +3 salamander hide armour {+Rage rF++}
  3732 | D:5      | Entered Level 5 of the Dungeon
  3780 | D:4      | Reached skill level 5 in Maces & Flails
  3925 | D:5      | Reached XP level 8. HP: 62/71 MP: 8/8
  4289 | D:5      | Found Sauc's Book Boutique.
  4350 | D:5      | Found a radiant altar of Vehumet.
  4656 | D:5      | Noticed Grinder
  4672 | D:5      | Killed Grinder
  4866 | D:5      | Reached ** piety under Trog
  4866 | D:5      | Reached XP level 9. HP: 20/79 MP: 9/9
  5117 | D:5      | Found a staircase to the Ecumenical Temple.
  5824 | D:6      | Found a shimmering altar of Xom.
  6156 | D:7      | Reached *** piety under Trog
  6613 | D:7      | Found a runed door.
  6752 | D:7      | Noticed Crazy Yiuf
  6757 | D:7      | Killed Crazy Yiuf
  6897 | D:8      | Reached XP level 10. HP: 64/91 MP: 10/10
  7058 | D:8      | Found Kuonn's Assorted Antiques.
  7502 | D:8      | Found an iron altar of Okawaru.
  7503 | D:8      | Found a deep blue altar of Sif Muna.
  7506 | D:8      | Found a glowing silver altar of Zin.
  7507 | D:8      | Found a sparkling altar of Nemelex Xobeh.
  7507 | D:8      | Found a glowing golden altar of the Shining One.
  7668 | D:8      | Noticed a two-headed ogre
  7675 | D:8      | Killed a two-headed ogre
  7683 | D:8      | Found a basalt altar of Yredelemnul.
  7979 | D:9      | Reached skill level 10 in Fighting
  8014 | D:9      | Reached **** piety under Trog
  8102 | D:9      | Found a staircase to the Lair.
  8685 | D:9      | Found a burning altar of Makhleb.
  8773 | D:9      | Reached XP level 11. HP: 97/101 MP: 11/11
  9020 | D:10     | Entered Level 10 of the Dungeon
  9056 | D:10     | Noticed Fannar
  9075 | D:10     | Killed Fannar
  9084 | D:10     | Reached skill level 10 in Shields
  9093 | D:10     | Killed from afar by a gargoyle

Skill      XL: |  1  2  3  4  5  6  7  8  9 10 11 |
---------------+----------------------------------+-----
Fighting       | 4 5 6 7 9 10 | 10.8
Maces & Flails | 3 4 5 6 7 9 |  9.6
Armour         | 4 5 6 8 9 |  9.9
Shields        | 4 5 6 8 9 10 | 10.0

Action                   |  1- 3 |  4- 6 |  7- 9 | 10-12 || total
-------------------------+-------+-------+-------+-------++-------
Melee: Flail             |   113 |   174 |   522 |   306 ||  1115
Invok: Berserk           |       |       |       |     1 ||     1
  Use: Potion            |       |       |     1 |       ||     1
       Scroll            |       |       |    14 |     2 ||    16
  Eat: Chunk             |     1 |     6 |    10 |    10 ||    27
       Ration            |       |       |     2 |       ||     2
Armor: Scale mail        |    68 |    78 |   189 |       ||   335
       Plate armour      |       |       |    21 |   140 ||   161
Dodge: Dodged            |    35 |    33 |    81 |    48 ||   197
Block: Shield            |    40 |       |       |       ||    40
       Large shield      |    53 |   144 |   398 |   279 ||   874
